 Dungeon Crawl Stone Soup version 0.27.1-33-g824d729ab1 (webtiles) character file.

Game seed: 15526535142752585919

1308 pkoi the Grappler (level 8, -2/63 HPs)
             Began as a Black Draconian Monk on Nov 29, 2021.
             Was a Priest of the Shining One.
             Slain by Maggie (11 damage)
             ... on level 6 of the Dungeon.
             The game lasted 00:08:51 (6113 turns).

pkoi the Grappler (Black Draconian Monk)            Turns: 6113, Time: 00:08:52

Health: -2/63      AC:  7    Str: 14    XL:     8   Next: 32%
Magic:  11/11      EV: 13    Int: 13    God:    the Shining One [***...]
Gold:   135        SH:  0    Dex: 13    Spells: 8/11 levels left

rFire    . . .     SeeInvis .     - Unarmed
rCold    . . .     Faith    .   (no shield)
rNeg     + . .     Spirit   .   (armour unavailable)
rPois    +         Reflect  .   (helmet restricted)
rElec    +         Harm     .   j - +0 cloak
rCorr    .         Rampage  .   (no gloves)
Will     .....                  (no boots)
Stlth    +.........             l - amulet of regeneration
HPRegen  1.20/turn              e - ring of poison resistance
MPRegen  0.12/turn              (no ring)

@: flying, mesmerised, very slightly contaminated, hasted, glowing, invisible
(but backlit and visible), very quick
A: breathe lightning, AC +6, unfitting armour, electricity resistance,
cold-blooded
a: Breathe Lightning, Renounce Religion, Divine Shield


You were on level 6 of the Dungeon.
You worshipped the Shining One.
The Shining One was most pleased with you.
You visited 2 branches of the dungeon, and saw 7 of its levels.

You collected 135 gold pieces.

Inventory:

Armour
 j - a +0 cloak (worn)
Jewellery
 e - a ring of poison resistance (left hand)
 l - an amulet of regeneration (around neck)
Wands
 f - a wand of iceblast (7)
Scrolls
 c - 6 scrolls of teleportation
 i - 2 scrolls of amnesia
 m - 2 scrolls of enchant weapon
Potions
 a - a potion of ambrosia
 b - 3 potions of curing
 d - a potion of heal wounds
 h - a potion of cancellation
 k - 2 potions of flight
 o - a potion of magic


   Skills:
 - Level 3.2 Fighting
 + Level 4.3 Dodging
 - Level 1.7 Stealth
 * Level 8.8 Unarmed Combat
 + Level 2.4 Spellcasting
 + Level 3.2 Air Magic
 + Level 1.3 Invocations


You had 8 spell levels left.
You knew the following spells:

 Your Spells              Type           Power      Damage    Failure   Level
a - Swiftness             Air            10%        N/A       19%         3

Your spell library contained the following spells:

 Spells                   Type           Power      Damage    Failure   Level
 Shock                    Conj/Air       20%        1d4       13%         1
 Freeze                   Ice            4%         1d3       24%         1
 Sublimation of Blood     Necr           0%         N/A       36%         2
 Airstrike                Air            5%         N/A       54%         4
 Frozen Ramparts          Ice            2%         1d2       58%         3
 Inner Flame              Hex/Fire       1%         N/A       58%         3
 Cause Fear               Hex            0%         N/A       94%         4
 Hailstorm                Conj/Ice       1%         3d3       94%         4
 Petrify                  Tmut/Erth      1%         N/A       94%         4
 Irradiate                Conj/Tmut      0%         3d13      100%        5
 Discord                  Hex            0%         N/A       100%        8


Dungeon Overview and Level Annotations

Branches:
Dungeon (6/15)             Temple (1/1) D:4

Altars:
Ashenzari
Cheibriados
Dithmenos
Elyvilon
Fedhas
Gozag
Hepliaklqana
Kikubaaqudgha
Makhleb
Nemelex Xobeh
Okawaru
Qazlal
Ru
Sif Muna
Trog
Uskayaw
Vehumet
Wu Jian
Xom
Yredelemnul
Zin
The Shining One

Annotations:
D:6 Maggie


Innate Abilities, Weirdness & Mutations

You can breathe wild blasts of lightning.
Your glossy black scales are hard. (AC +6)
You cannot fit into any form of body armour.
You are resistant to electric shocks. (rElec)
You are cold-blooded and may be slowed by cold attacks.


Message History

The orc closely misses you.
You hit Maggie but do no damage.
Maggie is moderately wounded.
Maggie says, "Have you seen any dragons?"
Maggie barely misses you. The orc closely misses you.
Unknown command.
It was a potion of invisibility.
You become transparent, but the glow from your halo prevents you from becoming completely invisible.
Maggie misses you. The orc completely misses you.
You are very lightly contaminated with residual magic.
You punch Maggie!
Maggie is heavily wounded.
Maggie misses you.
You hit Maggie.
Maggie is heavily wounded.
The orc hits you with a +0 falchion.
* * * LOW HITPOINT WARNING * * *
Maggie hits you with a +1 vorpal scimitar!
* * * LOW HITPOINT WARNING * * *
x2 You barely miss Maggie.
Your tail-slap misses Maggie.
Maggie is heavily wounded.
The orc hits you but does no damage.
It was a potion of flight.
You feel very buoyant.
You fly up into the air.
Maggie mumbles some strange words.
Maggie draws you further into her thrall.
The orc hits you with a +0 falchion.
* * * LOW HITPOINT WARNING * * *
It was a potion of haste.
You feel yourself speed up. Maggie closely misses you.
The orc closely misses you.
You hit Maggie.
Maggie is severely wounded.
Maggie hits you with a +1 vorpal scimitar!
* * * LOW HITPOINT WARNING * * *
x2 The orc hits you but does no damage.
You hit Maggie.
Maggie is severely wounded.
Maggie hits you with a +1 vorpal scimitar!
You die...

.........+............
#.###...###..#######<#
#####.###...###..## #.#
#...'.............# ...
#...#.............# #...
#..###.###..##'#### ####
#..###.###..##...#
#...#...o#...'...#
#.......@@...#...#
#.#....###..###..#
.....@..########..###..##
.o.o..... #..†.........
#######(.# #...<.........
#.## ##.##..####.... ###
####..######## #......#
#......#


You could see Maggie (mesmerising) and an orc.

Vanquished Creatures
  Grinder (D:6)
  Menkaure (D:4)
  A black bear (D:6)
  An ogre (D:5)
  Blork the orc (D:6)
  2 scorpions
  A water moccasin zombie (D:5)
  A water moccasin skeleton (D:5)
  2 centaur zombies (D:6)
  An orc priest (D:4)
  3 hounds
  2 jellies (D:5)
  An iguana (D:5)
  Natasha (thrice) (D:2)
  2 hound skeletons (D:4)
  6 adders
  A gnoll (D:1)
  3 white imps
  2 adder skeletons (D:4)
  2 worms (D:2)
  A dart slug (D:1)
  2 orcs (D:4)
  9 endoplasms
  5 giant cockroaches
  5 hobgoblins
  2 jackals (D:3)
  9 kobolds
  4 quokkas
  8 ball pythons
  6 bats
  A frilled lizard (D:2)
  10 goblins
  3 rats
102 creatures vanquished.

Notes
Turn   | Place    | Note
-------+----------+-------------------------------------------
     0 | D:1      | pkoi the Draconian Monk began the quest for the Orb.
     0 | D:1      | Reached XP level 1. HP: 19/19 MP: 1/1
   568 | D:1      | Reached XP level 2. HP: 26/26 MP: 2/2
   765 | D:1      | Reached skill level 4 in Unarmed Combat
   840 | D:1      | Reached XP level 3. HP: 31/31 MP: 3/3
  1446 | D:2      | Noticed Natasha
  1456 | D:2      | Killed Natasha
  1457 | D:2      | Reached skill level 5 in Unarmed Combat
  1457 | D:2      | Reached XP level 4. HP: 38/38 MP: 4/4
  1585 | D:2      | Noticed Natasha
  1803 | D:2      | Killed Natasha
  2123 | D:2      | Noticed Natasha
  2142 | D:2      | Killed Natasha
  2403 | D:2      | Reached XP level 5. HP: 43/45 MP: 5/5
  2784 | D:3      | Reached skill level 6 in Unarmed Combat
  2978 | D:3      | Found a faded altar of an unknown god.
  4126 | D:4      | Reached skill level 7 in Unarmed Combat
  4126 | D:4      | Reached XP level 6. HP: 49/51 MP: 6/6
  4153 | D:4      | Found a staircase to the Ecumenical Temple.
  4200 | Temple   | Entered the Ecumenical Temple
  4478 | Temple   | Became a worshipper of the Shining One
  4478 | Temple   | Reached * piety under the Shining One
  4478 | Temple   | Reached ** piety under the Shining One
  4545 | D:4      | Noticed Menkaure
  4593 | D:4      | Killed Menkaure
  5093 | D:5      | Entered Level 5 of the Dungeon
  5184 | D:5      | Your scales start taking on a glossy black colour.
  5184 | D:5      | Reached XP level 7. HP: 57/57 MP: 7/7
  5184 | D:5      | Gained mutation: You are resistant to electric shocks.
                  | (rElec) [Black Draconian growth]
  5188 | D:5      | Learned a level 3 spell: Swiftness
  5329 | D:5      | Reached skill level 1 in Air Magic
  5389 | D:5      | Reached skill level 8 in Unarmed Combat
  5389 | D:5      | Reached skill level 1 in Spellcasting
  5907 | D:6      | Noticed Blork the orc
  5914 | D:6      | Killed Blork the orc
  5920 | D:6      | Reached XP level 8. HP: 47/63 MP: 9/11
  5965 | D:6      | Found a hazy altar of Hepliaklqana.
  6051 | D:6      | Noticed Grinder
  6065 | D:6      | Killed Grinder
  6066 | D:6      | Reached skill level 1 in Invocations
  6071 | D:6      | Reached *** piety under the Shining One
  6084 | D:6      | Noticed Maggie
  6113 | D:6      | Slain by Maggie

Illustrated notes

Levels and vault maps discovered:
D:1:      heliophobic_arrival_enchanted_forest, layout_basic
D:2:      layout_rooms, uniq_natasha
D:3:      layout_basic, dreamdust_ecumenical_altar_statues, hangedman_decor_push
D:4:      layout_loops_cross, minmay_temple_entry_nine_rooms, kennysheep_path_1,
          corexii_corridor_pit, uniq_menkaure
D:5:      layout_cave_pools, minmay_misc_feat_cross, dk_noncrumbling_2
D:6:      kennysheep_windowed_halls, layout_gridville,
          mainiacjoe_overflow_chevrons, uniq_grinder, uniq_pikel, uniq_maggie,
          uniq_duvessa, uniq_blork_the_orc
Temple:   roderic_octagonal_lattice_temple

Skill      XL: |  1  2  3  4  5  6  7  8 |
---------------+-------------------------+-----
Unarmed Combat | 4 5 7 8 |  8.8
Dodging        | 3 4 |  4.3
Air Magic      | 2 3 |  3.2
Spellcasting   | 2 |  2.4
Invocations    | 1 |  1.3
Fighting       | |  3.2
Stealth        | |  1.7

Action                   |  1- 3 |  4- 6 |  7- 9 || total
-------------------------+-------+-------+-------++-------
Melee: Unarmed           |   114 |   176 |    95 ||   385
       Tailslap          |    14 |    19 |    16 ||    49
       Punch             |     1 |     3 |     4 ||     8
 Abil: Breathe Lightning |       |       |     2 ||     2
  Use: Scroll            |     3 |     6 |     3 ||    12
       Potion            |       |       |     3 ||     3
 Stab: Sleeping          |     4 |     5 |       ||     9
Armor: Skin              |    40 |    42 |    23 ||   105
Dodge: Dodged            |    68 |    94 |    63 ||   225
